[Event "Titled Tuesday Blitz November 22 Early 2022"]
[White "Janaszak, Dawid"]
[Black "Avazkhonov, Alikhon"]
[WhiteFideId "1119206"]
[BlackFideId "14208504"]
[WhiteElo "2226"]
[BlackElo "1739"]
[Result "0-1"]
[Round "05"]
[TimeControl "180+1"]
[Date "2022.11.23"]
[WhiteClock "0:01:34"]
[BlackClock "0:00:22"]

1. e4 c5 2. Nc3 d6 3. d4 cxd4 4. Qxd4 Nc6 5. Qd2 g6 6. b3 Bh6 7. f4 Nf6 8. Bb2 O-O 9. O-O-O e5 10. g3 Bg4 11. Be2 Nd4 12. Bxg4 Nxg4 13. h3 Nf6 14. Nge2 Nxe2+ 15. Qxe2 exf4 16. Kb1 fxg3 17. e5 Nh5 18. Rxd6 Qh4 19. Nd5 Bg7 20. e6 fxe6 21. Qxe6+ Kh8 22. Rd7 g2 23. Bxg7+ Nxg7 24. Qe5 gxh1=Q+ 25. Kb2 Qh6 26. Nf6 Q1c1+ 27. Kc3 Qa1+ 0-1


[Site "https://www.chess.com"]

[Event "Titled Tuesday Blitz November 22 Early 2022"]
[White "Jarmula, Lukasz"]
[Black "Durarbayli, Vasif"]
[WhiteFideId "1160664"]
[BlackFideId "13402935"]
[WhiteElo "2357"]
[BlackElo "2586"]
[Result "0-1"]
[Round "05"]
[TimeControl "180+1"]
[Date "2022.11.22"]
[WhiteClock "0:00:08"]
[BlackClock "0:00:13"]

1. e4 c5 2. Nf3 d6 3. Bb5+ Nd7 4. a4 Nf6 5. Nc3 a6 6. Be2 e6 7. d4 cxd4 8. Qxd4 Qc7 9. O-O Be7 10. Rd1 b6 11. Be3 Bb7 12. Nd2 Rd8 13. Nc4 Nc5 14. b4 Ncxe4 15. Nxe4 Bxe4 16. Qxb6 Qxb6 17. Bxb6 Rd7 18. Ne3 Bb7 19. b5 axb5 20. Bxb5 O-O 21. Bxd7 Nxd7 22. Bd4 Rc8 23. a5 Ba6 24. Rab1 f5 25. Bb2 Rc6 26. Ba3 Kf7 27. Rd2 Nf6 28. f3 f4 29. Nd1 Nd5 30. Nf2 Bd8 31. Ne4 Bxa5 32. Rdd1 Bc7 33. Rd2 Ke7 34. Rbd1 Bc4 35. Rd4 h6 36. Kh1 g5 37. R4d2 Ra6 38. Bb2 Ne3 39. Re1 d5 40. Nf2 Ra2 41. Bd4 Ba5 42. Bc5+ Kf7 43. Bxe3 fxe3 0-1


[Site "https://www.chess.com"]

[Event "Titled Tuesday Blitz November 22 Early 2022"]
[White "Jiganchine, Roman"]
[Black "Lehtosaari, Mauri"]
[WhiteFideId "2603667"]
[BlackFideId "501999"]
[WhiteElo "2314"]
[BlackElo "2502"]
[Result "0-1"]
[Round "05"]
[TimeControl "180+1"]
[Date "2022.11.23"]
[WhiteClock "0:00:02"]
[BlackClock "0:00:16"]

1. e4 d5 2. exd5 Qxd5 3. Nc3 Qe5+ 4. Nce2 c5 5. d4 cxd4 6. Qxd4 Qxd4 7. Nxd4 a6 8. Ngf3 Nf6 9. Bg5 Nbd7 10. Bd3 e6 11. Nb3 Bb4+ 12. c3 Be7 13. O-O O-O 14. Rfe1 b6 15. a4 Bb7 16. a5 b5 17. Rad1 Nc5 18. Nxc5 Bxc5 19. Ne5 Nd5 20. Nd7 Rfc8 21. Nxc5 Rxc5 22. Be4 h6 23. Bc1 Rac8 24. g3 R5c7 25. Bg2 g5 26. Bd2 Kg7 27. h3 Nf6 28. Bxb7 Rxb7 29. Be3 b4 30. Bd4 bxc3 31. Bxc3 Kg6 32. Rd6 Nd5 33. Rxa6 Nxc3 34. bxc3 Rxc3 35. Ra1 Rc2 36. Rb6 Rxb6 37. axb6 Rb2 38. Ra6 Kf5 39. Kg2 h5 40. Ra5+ e5 41. Ra7 f6 42. b7 g4 43. hxg4+ hxg4 44. Kg1 Kg5 45. Kg2 f5 46. Kg1 e4 47. Kg2 e3 48. Kg1 exf2+ 49. Kf1 f4 50. gxf4+ Kh4 0-1


[Site "https://www.chess.com"]

[Event "Titled Tuesday Blitz November 22 Early 2022"]
[White "Jimenez Almeida, Luis David"]
[Black "Shuvalova, Polina"]
[WhiteFideId "22242244"]
[BlackFideId "24171760"]
[WhiteElo "2158"]
[BlackElo "2342"]
[Result "0-1"]
[Round "05"]
[TimeControl "180+1"]
[Date "2022.11.23"]
[WhiteClock "0:00:02"]
[BlackClock "0:00:02"]

1. e4 e5 2. Nf3 Nc6 3. Bb5 a6 4. Ba4 Nf6 5. d3 b5 6. Bb3 g6 7. Qe2 Bg7 8. c3 O-O 9. a4 Rb8 10. axb5 axb5 11. Bg5 h6 12. Bxf6 Qxf6 13. Nbd2 d6 14. h3 Kh7 15. O-O Bd7 16. Bd5 Ne7 17. Bb3 Ra8 18. Rfe1 g5 19. Nh2 Ng6 20. g4 Nf4 21. Qf3 h5 22. Ndf1 h4 23. Bc2 Rfb8 24. d4 Kh8 25. d5 Qd8 26. b4 Bf6 27. Ne3 Rxa1 28. Rxa1 Ra8 29. Qd1 Nxh3+ 30. Kg2 Nf4+ 31. Kf3 Qb8 32. Ra5 Rxa5 33. bxa5 Qa7 34. Qa1 Bd8 35. Nf5 Qa6 36. Nf1 Kg8 37. N1e3 c6 38. dxc6 Bxc6 39. Qa2 Qxa5 40. Qb1 Qc7 41. Bb3 Bf6 42. Qa2 Kf8 43. c4 b4 44. Qd2 Qb7 45. Qxd6+ Kg8 46. Qxf6 Bxe4# 0-1


[Site "https://www.chess.com"]

[Event "Titled Tuesday Blitz November 22 Early 2022"]
[White "Johnson, Ben"]
[Black "Skibbe, Willi"]
[WhiteFideId "2010917"]
[BlackFideId "4682190"]
[WhiteElo "2158"]
[BlackElo "2359"]
[Result "0-1"]
[Round "05"]
[TimeControl "180+1"]
[Date "2022.11.23"]
[WhiteClock "0:00:07"]
[BlackClock "0:00:40"]

1. Nf3 g6 2. e4 Bg7 3. d4 d6 4. Bc4 e6 5. Bg5 Ne7 6. Nc3 h6 7. Be3 a6 8. Qd2 b5 9. Bb3 Bb7 10. a3 Nd7 11. h4 c5 12. h5 g5 13. d5 exd5 14. Bxd5 Nxd5 15. Nxd5 Nf6 16. Nxf6+ Qxf6 17. e5 dxe5 18. Bxc5 Bxf3 19. gxf3 Qxf3 20. Rg1 Rd8 21. Qe2 Qxe2+ 22. Kxe2 f5 23. f3 Kf7 24. Rad1 Bf6 25. b3 Rxd1 26. Rxd1 Rd8 27. Rxd8 Bxd8 28. c4 bxc4 29. bxc4 Be7 30. Bb4 Ke6 31. Ke3 Bd6 32. c5 Be7 33. Kd3 Kd5 34. c6 Bd8 35. Be7 Bc7 36. Bxg5 hxg5 37. h6 e4+ 38. fxe4+ fxe4+ 39. Ke2 Kxc6 40. h7 Be5 0-1


[Site "https://www.chess.com"]

[Event "Titled Tuesday Blitz November 22 Early 2022"]
[White "Keymer, Vincent"]
[Black "Ibarra Jerez, Jose Carlos"]
[WhiteFideId "12940690"]
[BlackFideId "2226332"]
[WhiteElo "2600"]
[BlackElo "2638"]
[Result "1/2-1/2"]
[Round "05"]
[TimeControl "180+1"]
[Date "2022.11.22"]
[WhiteClock "0:00:10"]
[BlackClock "0:00:12"]

1. Nf3 d6 2. d4 g6 3. g3 Bg7 4. Bg2 Nd7 5. c4 e5 6. Nc3 exd4 7. Nxd4 Ne7 8. O-O O-O 9. h3 Re8 10. e4 Nc6 11. Be3 Nde5 12. b3 Nxd4 13. Bxd4 c5 14. Bxe5 Bxe5 15. Rc1 a6 16. Qd2 b5 17. cxb5 axb5 18. Nxb5 Ba6 19. a4 Bxb5 20. axb5 Rb8 21. b4 Rxb5 22. bxc5 dxc5 23. Qe2 Qb6 24. Kh2 Rb2 25. Rc2 Rxc2 26. Qxc2 Rb8 27. f4 Bd4 28. e5 Qb2 29. Qe4 Re8 30. Rb1 Qd2 31. Qc6 Rf8 32. e6 fxe6 33. Qxe6+ Kh8 34. Qe7 Bg7 35. Rb7 Qd4 36. Rd7 Qc3 37. h4 c4 38. Rc7 Qd4 39. Rd7 Qf6 40. Qxf6 Bxf6 41. Rc7 c3 42. Bd5 Rd8 43. Be4 Re8 44. Bd5 Re7 45. Rxe7 Bxe7 46. Be4 Kg7 47. Kg2 h6 48. Kf3 g5 49. fxg5 hxg5 50. hxg5 Bxg5 51. Bc2 Bf6 52. g4 Bg5 53. Ke4 Bd2 54. Kf5 Kh6 55. g5+ Bxg5 56. Ke4 Bd2 57. Kd3 Kg5 58. Kc4 Kf6 59. Kb3 Bc1 60. Kxc3 1/2-1/2


[Site "https://www.chess.com"]

[Event "Titled Tuesday Blitz November 22 Early 2022"]
[White "Kopylov, Alexander A."]
[Black "Aarav Dengla"]
[WhiteFideId "4164857"]
[BlackFideId "45059756"]
[WhiteElo "2436"]
[BlackElo "2261"]
[Result "1-0"]
[Round "05"]
[TimeControl "180+1"]
[Date "2022.11.23"]
[WhiteClock "0:00:22"]
[BlackClock "0:00:08"]

1. e4 c5 2. Nf3 d6 3. Bb5+ Bd7 4. a4 Nf6 5. Nc3 g6 6. e5 dxe5 7. Nxe5 Bxb5 8. axb5 Bg7 9. O-O Nbd7 10. Nc4 O-O 11. d3 e6 12. Qf3 Qc7 13. Bf4 e5 14. Bg3 Rfe8 15. Rfe1 Re6 16. h3 Nh5 17. Bh2 f5 18. Qd5 Nf8 19. Nxe5 Rd8 20. Qb3 Qe7 21. Nf3 Kh8 22. Rxe6 Nxe6 23. Re1 Re8 24. Be5 Qd7 25. Qd5 Qxd5 26. Nxd5 Bxe5 27. Rxe5 Kg7 28. Ng5 Nc7 29. Rxe8 Nxe8 30. Ne6+ Kg8 31. Nxc5 Nd6 32. c4 Kf7 33. g3 Ng7 34. f4 b6 35. Nb3 Ne6 36. Kf2 h6 37. Ke3 Nb7 38. Nd4 Nxd4 39. Kxd4 Ke6 40. Nb4 Kd6 41. Nc6 Nc5 42. Nxa7 Na4 43. b4 Nb2 44. c5+ Kc7 45. Nc6 Nd1 46. Ne7 Nf2 47. Nd5+ Kb7 48. Nxb6 Nxh3 49. Nd5 Nf2 50. c6+ Kc8 51. b6 Kb8 52. c7+ Kb7 53. Ne7 Kxb6 54. c8=Q Kb5 55. Qc4+ Ka4 56. Qa2+ Kxb4 57. Qxf2 Kb5 58. Qb2+ 1-0


[Site "https://www.chess.com"]

[Event "Titled Tuesday Blitz November 22 Early 2022"]
[White "Korchmar, Vasiliy"]
[Black "Bortnyk, Olexandr"]
[WhiteFideId "24131750"]
[BlackFideId "14120828"]
[WhiteElo "2370"]
[BlackElo "2723"]
[Result "1-0"]
[Round "05"]
[TimeControl "180+1"]
[Date "2022.11.22"]
[WhiteClock "0:00:06"]
[BlackClock "0:00:08"]

1. e4 Nf6 2. e5 Nd5 3. d4 d6 4. Nf3 dxe5 5. Nxe5 c6 6. c4 Nb4 7. Be3 Bf5 8. Na3 Qa5 9. Qd2 e6 10. c5 b5 11. Be2 f6 12. Nf3 N8a6 13. O-O Qc7 14. Nxb5 cxb5 15. Bxb5+ Kf7 16. a3 Qb7 17. Qe2 Rb8 18. axb4 Nxb4 19. Bc4 g5 20. Bxg5 fxg5 21. Nxg5+ Kg6 22. Nxe6 Bh6 23. g4 Rhg8 24. f3 Bc2 25. Qe5 Bd2 26. Rf2 Nc6 27. Qh5+ Kf6 28. Rxd2 Bb3 29. Qf5+ Ke7 30. Bxb3 Qxb3 31. Re1 Rbe8 32. Nc7+ Kd8 33. Nxe8 Rxe8 34. Qf6+ Re7 35. Rxe7 Nxe7 36. Re2 Qb7 37. d5 Qc7 38. Qxe7+ Qxe7 39. Rxe7 Kxe7 40. d6+ Kd7 41. b4 Kc6 42. Kf2 h6 43. h4 a5 44. bxa5 1-0


[Site "https://www.chess.com"]

[Event "Titled Tuesday Blitz November 22 Early 2022"]
[White "Koridze, Lile"]
[Black "Pinheiro, Iung Alicio de O."]
[WhiteFideId "13612514"]
[BlackFideId "2104350"]
[WhiteElo "2050"]
[BlackElo "2283"]
[Result "1/2-1/2"]
[Round "05"]
[TimeControl "180+1"]
[Date "2022.11.23"]
[WhiteClock "0:01:27"]
[BlackClock "0:00:11"]

1. d4 Nf6 2. c4 g6 3. Nc3 Bg7 4. e4 d6 5. Nf3 O-O 6. Be2 Nbd7 7. O-O e5 8. Be3 Qe7 9. Qc2 c6 10. b4 h6 11. Rfd1 exd4 12. Nxd4 Re8 13. f3 Nb6 14. Bf4 d5 15. exd5 cxd5 16. c5 Nh5 17. Bd6 Qe3+ 18. Kh1 Bxd4 19. Rd3 Bf5 20. Rxe3 Bxc2 21. Rxe8+ Rxe8 22. cxb6 Bxc3 23. Rc1 axb6 24. Rxc2 d4 25. g3 Ng7 26. Bb5 Re1+ 27. Kg2 Nf5 28. Bf4 g5 29. Bc1 Rd1 30. a3 Nd6 31. Be2 Re1 32. Kf2 Rh1 33. Kg2 Re1 34. Kf2 Rh1 35. Kg2 Re1 1/2-1/2


[Site "https://www.chess.com"]

[Event "Titled Tuesday Blitz November 22 Early 2022"]
[White "Kosakowski, Jakub"]
[Black "D`Arruda, Ricardo D."]
[WhiteFideId "1185080"]
[BlackFideId "100692"]
[WhiteElo "2463"]
[BlackElo "2523"]
[Result "1-0"]
[Round "05"]
[TimeControl "180+1"]
[Date "2022.11.23"]
[WhiteClock "0:00:05"]
[BlackClock "0:00:08"]

1. e4 c5 2. Nf3 Nc6 3. d4 cxd4 4. Nxd4 e5 5. Nb5 a6 6. Nd6+ Bxd6 7. Qxd6 Qe7 8. Qd1 Nf6 9. Nc3 d6 10. Be2 Be6 11. Be3 O-O 12. Nd5 Bxd5 13. exd5 Nd4 14. Bxd4 exd4 15. O-O Rfe8 16. Re1 Rac8 17. Rc1 Qe5 18. Qd2 Qxd5 19. Bf3 Rxe1+ 20. Rxe1 Qc5 21. Bxb7 Qxc2 22. Qxd4 Qc5 23. Qxc5 Rxc5 24. Bxa6 Ra5 25. Bc4 d5 26. Bb3 Kf8 27. f3 Nd7 28. Rd1 Nb6 29. Kf2 Ke7 30. Ke3 Kd6 31. Kd4 Na4 32. Rd2 Nc5 33. Bxd5 f6 34. b4 Ra4 35. a3 Nd7 36. Kc3 Rxa3+ 37. Kb2 Ra7 38. Be4+ Ke5 39. Bxh7 Rb7 40. Kb3 Nb6 41. Be4 Rc7 42. Re2 Kd4 43. Rd2+ Ke5 44. g3 Nc4 45. Rc2 Kd4 46. b5 Na5+ 47. Kb4 Rxc2 48. Bxc2 Nc4 49. Be4 Nb6 50. g4 Nc4 51. h4 Nd6 52. b6 Ke5 53. h5 Kf4 54. b7 1-0


[Site "https://www.chess.com"]

[Event "Titled Tuesday Blitz November 22 Early 2022"]
[White "Kovacevic, Radmila"]
[Black "Vagman, Roy"]
[WhiteFideId "933171"]
[BlackFideId "2828995"]
[WhiteElo "2208"]
[BlackElo "2174"]
[Result "0-1"]
[Round "05"]
[TimeControl "180+1"]
[Date "2022.11.23"]
[WhiteClock "0:00:08"]
[BlackClock "0:00:15"]

1. e4 d6 2. d4 Nf6 3. Nc3 g6 4. Bd3 Bg7 5. Be3 Nc6 6. f3 e5 7. d5 Nd4 8. Nce2 c5 9. Ng3 h5 10. c3 h4 11. Nf1 h3 12. Nxh3 Bxh3 13. gxh3 Qa5 14. Kf2 Nb5 15. b4 cxb4 16. cxb4 Qxb4 17. Rb1 Nc3 18. Rxb4 Nxd1+ 19. Ke2 Nxe3 20. Nxe3 b6 21. Bb5+ Ke7 22. Rc4 Rac8 23. Rhc1 Rc5 24. Rxc5 bxc5 25. Kf2 Rxh3 26. Kg2 Rh8 27. Rb1 Bh6 28. Nd1 Bf4 29. h3 Rh5 30. Bd3 Rg5+ 31. Kf2 Bg3+ 32. Ke2 Nh5 33. Rb7+ Kf6 34. Bb5 Nf4+ 35. Kd2 Bh4 36. Ne3 Rg1 37. Ng4+ Kg5 38. Rxf7 Rg2+ 39. Kc3 Be1+ 40. Kb3 Nxh3 41. Nxe5 dxe5 42. d6 Nf4 43. Rxa7 c4+ 44. Bxc4 Bf2 45. d7 Bb6 46. Rb7 Ba5 47. Rb5 Bc7 48. Rxe5+ Bxe5 49. d8=Q+ Kh6 50. Qh4+ Nh5 51. Bd5 Rb2+ 52. Kc4 Rc2+ 53. Kb5 Rb2+ 54. Kc6 Rc2+ 55. Kd7 Rc7+ 56. Ke6 Bg3 57. Qd8 Nf4+ 58. Kf6 Bh4+ 59. Ke5 Nd3+ 60. Kd4 Bxd8 61. Kxd3 Bf6 62. Ke3 Be5 63. f4 Rc3+ 64. Kd2 Bd4 65. f5 gxf5 66. exf5 Kg5 67. Be6 Ra3 68. Kc2 Kf4 69. Kd2 Ke4 70. Ke2 Rh3 71. Kd2 Rh2+ 72. Kc1 Kd3 73. Bd5 Rc2+ 74. Kb1 Rf2 75. a4 Kc3 76. Be4 Rf1+ 77. Ka2 Kb4 78. Bc6 Ra1# 0-1


[Site "https://www.chess.com"]

[Event "Titled Tuesday Blitz November 22 Early 2022"]
[White "Kriti Mayur Patel"]
[Black "Mesa Cruz, Juan Carlos"]
[WhiteFideId "35061780"]
[BlackFideId "6423400"]
[WhiteElo "1306"]
[BlackElo "2059"]
[Result "0-1"]
[Round "05"]
[TimeControl "180+1"]
[Date "2022.11.23"]
[WhiteClock "0:00:12"]
[BlackClock "0:00:19"]

1. e4 c5 2. d4 cxd4 3. c3 d5 4. exd5 Nf6 5. cxd4 Nxd5 6. Nf3 e6 7. Bc4 Bb4+ 8. Bd2 Bxd2+ 9. Qxd2 O-O 10. O-O Nc6 11. Nc3 Nce7 12. Bb3 b6 13. Qd3 Bb7 14. Ng5 g6 15. Qh3 h5 16. Bc2 Nf5 17. Nxd5 Qxg5 18. Ne3 Nxd4 19. Bd3 Rfd8 20. Rad1 Bf3 21. Rd2 Bg4 22. Qg3 Nf5 23. Nxf5 Qxd2 24. Ne7+ Kf8 25. Nxg6+ fxg6 26. Bxg6 Kg7 27. Bxh5 Qg5 28. Bxg4 Rd4 29. f4 Qg6 30. h4 Rd3 31. Rf3 Rxf3 32. gxf3 Rd8 33. Kh2 Qc2+ 34. Kh3 Kf6 35. Bh5 Qf5+ 36. Bg4 Qb1 37. Bh5 Qh1+ 38. Qh2 Qxh2+ 39. Kxh2 Rh8 40. Bg4 Rxh4+ 41. Kg3 Rh1 42. Bh3 Rb1 43. b3 Rb2 44. Bf1 Rxa2 45. Bc4 a6 46. Kg4 b5 47. Bd3 Rb2 48. f5 Rxb3 49. Be4 exf5+ 50. Bxf5 Rb4+ 51. Be4 Rxe4+ 52. fxe4 Ke5 53. Kf3 b4 54. Ke3 a5 55. Kd3 a4 56. Kc2 Kxe4 57. Kb2 Kd3 58. Ka2 Kc2 59. Ka1 Kc1 60. Ka2 b3+ 61. Ka3 b2 62. Kxa4 b1=Q 63. Ka5 Kc2 64. Ka6 Kc3 65. Ka7 Kc4 66. Ka8 Kc5 67. Ka7 Kc6 68. Ka6 Qb6# 0-1


[Site "https://www.chess.com"]

[Event "Titled Tuesday Blitz November 22 Early 2022"]
[White "Krysa, Leandro"]
[Black "Ozates, Tuna"]
[WhiteFideId "116807"]
[BlackFideId "6354521"]
[WhiteElo "2485"]
[BlackElo "2151"]
[Result "1/2-1/2"]
[Round "05"]
[TimeControl "180+1"]
[Date "2022.11.23"]
[WhiteClock "0:00:05"]
[BlackClock "0:00:06"]

1. d4 d5 2. c4 c6 3. cxd5 cxd5 4. Bg5 Qb6 5. Nc3 e6 6. Qd2 Nc6 7. e3 Bd7 8. Bd3 Bd6 9. Nge2 a6 10. O-O Nge7 11. Bh4 O-O 12. Rfc1 Rac8 13. Bg3 Bxg3 14. hxg3 Na5 15. b3 Rc7 16. Rc2 Rfc8 17. Rac1 h6 18. Kf1 Bb5 19. Bxb5 axb5 20. Nf4 Nf5 21. Nd3 Nd6 22. Ne2 Ne4 23. Qd1 Qd6 24. Rxc7 Rxc7 25. Rxc7 Qxc7 26. Qc1 Qxc1+ 27. Nexc1 Kf8 28. g4 f6 29. f3 Nd6 30. Nb4 Nc6 31. Ncd3 Ke7 32. Ke2 Kd7 33. Nc5+ Ke7 34. Nxc6+ bxc6 35. a4 bxa4 36. bxa4 Nc4 37. Kd3 Kd6 38. e4 e5 39. Kc3 exd4+ 40. Kxd4 Na5 41. exd5 cxd5 42. Nd3 Nc6+ 43. Kc3 g6 44. Nb4 Na5 45. Kd4 Nb3+ 46. Kc3 Na5 47. Nd3 h5 48. gxh5 gxh5 49. Nf4 h4 50. Ng6 Kc5 51. Nxh4 d4+ 52. Kd3 Nc6 53. Nf5 Nb4+ 54. Ke4 d3 55. Ne3 d2 56. g4 Nc2 57. Nd1 Kc4 58. f4 Nb4 59. g5 fxg5 60. fxg5 Nd5 61. g6 Nc3+ 62. Nxc3 Kxc3 63. g7 d1=Q 64. g8=Q Qd4+ 65. Kf5 Qxa4 66. Qe6 Qd4 67. Kg6 Qd3+ 68. Kf7 Qf3+ 69. Qf6+ Qxf6+ 70. Kxf6 1/2-1/2


[Site "https://www.chess.com"]

[Event "Titled Tuesday Blitz November 22 Early 2022"]
[White "Krzywda, Andrzej"]
[Black "Nanditha, V"]
[WhiteFideId "1114565"]
[BlackFideId "46626697"]
[WhiteElo "2149"]
[BlackElo "1564"]
[Result "1-0"]
[Round "05"]
[TimeControl "180+1"]
[Date "2022.11.23"]
[WhiteClock "0:00:20"]
[BlackClock "0:00:03"]

1. d4 d5 2. c4 e6 3. Nf3 Nf6 4. g3 Be7 5. Bg2 O-O 6. O-O b6 7. cxd5 exd5 8. Nc3 c6 9. Bf4 Re8 10. Ne5 Nfd7 11. Qb3 g5 12. Nxd7 gxf4 13. Ne5 f6 14. Nd3 Bd6 15. Nxf4 Bxf4 16. gxf4 Kh8 17. e3 Rg8 18. Kh1 Nd7 19. Bf3 Nf8 20. Rg1 Ng6 21. Qc2 Bh3 22. Rg3 Qd7 23. Rag1 Nh4 24. Qe2 Nxf3 25. Qxf3 Bf5 26. Qh5 Qe6 27. Qf3 Rxg3 28. Qxg3 Rg8 29. Qxg8+ Qxg8 30. Rxg8+ Kxg8 31. Kg2 Kf7 32. Kg3 h5 33. Kh4 Kg6 34. Ne2 Bb1 35. a3 Bd3 36. Ng3 c5 37. dxc5 bxc5 38. Nxh5 d4 39. Ng3 Bb1 40. exd4 cxd4 41. Kg4 d3 42. f5+ Kf7 43. Ne4 Bc2 44. Kf4 d2 45. Nxd2 Ke7 46. h4 Kd6 47. h5 Ba4 48. h6 Be8 49. h7 1-0


[Site "https://www.chess.com"]

[Event "Titled Tuesday Blitz November 22 Early 2022"]
[White "Kuznetsov, Mikhail"]
[Black "Averjanov, Alexey"]
[WhiteFideId "4117190"]
[BlackFideId "14109867"]
[WhiteElo "1981"]
[BlackElo "2610"]
[Result "1/2-1/2"]
[Round "05"]
[TimeControl "180+1"]
[Date "2022.11.23"]
[WhiteClock "0:00:38"]
[BlackClock "0:02:00"]

1. Nf3 c5 2. g3 Nc6 3. d4 cxd4 4. Nxd4 g6 5. Bg2 Bg7 6. Nb3 d6 7. O-O Nf6 8. c3 h5 9. h4 Bg4 10. N1d2 Qd7 11. Nf3 Bh3 12. Ng5 Bxg2 13. Kxg2 O-O 14. Be3 a5 15. Nd4 a4 16. a3 Ng4 17. Qd2 Nxe3+ 18. Qxe3 Nxd4 19. cxd4 Rfc8 20. Rac1 Bh6 21. Qe4 Bxg5 22. hxg5 Kf8 23. e3 Rxc1 24. Rxc1 Rc8 25. Rxc8+ Qxc8 26. Qd3 Qc6+ 27. Kh2 d5 28. Kg2 e6 29. Qd2 Qc4 30. Qa5 Qb3 31. Qd8+ Kg7 32. Qf6+ Kg8 33. Qd8+ Kg7 34. Qf6+ Kf8 35. Qd8+ Kg7 1/2-1/2


[Site "https://www.chess.com"]

[Event "Titled Tuesday Blitz November 22 Early 2022"]
[White "Lamaze, Simon"]
[Black "Pham, Khoi"]
[WhiteFideId "36069264"]
[BlackFideId "1054988"]
[WhiteElo "2272"]
[BlackElo "2457"]
[Result "0-1"]
[Round "05"]
[TimeControl "180+1"]
[Date "2022.11.23"]
[WhiteClock "0:00:57"]
[BlackClock "0:00:14"]

1. e4 e6 2. d4 d5 3. Nc3 Bb4 4. e5 c5 5. a3 Bxc3+ 6. bxc3 Ne7 7. Qg4 Qc7 8. Qxg7 Rg8 9. Qxh7 cxd4 10. Ne2 dxc3 11. f4 Nbc6 12. h4 Bd7 13. Qd3 O-O-O 14. a4 Nb4 15. Qd1 d4 16. Ba3 Ned5 17. Rh3 a5 18. Qc1 Ne3 19. Rxe3 dxe3 20. Bxb4 axb4 21. Qxe3 Bc6 22. g3 Rd2 23. a5 Bb5 24. Nxc3 Bxf1 25. Qxd2 bxc3 26. Qe3 Ba6 27. Ra3 Kb8 28. Kf2 Qc4 29. Ra1 Rd8 30. g4 Rd2+ 31. Kg3 Qd5 32. Qf3 Qxf3+ 33. Kxf3 Rxc2 34. h5 Rh2 35. Kg3 Rd2 36. h6 c2 37. h7 Rd8 38. f5 exf5 39. gxf5 Bd3 40. Kf4 Rh8 41. Rh1 Rxh7 42. Rxh7 c1=Q+ 43. Kg4 Qg1+ 44. Kh4 0-1


[Site "https://www.chess.com"]

[Event "Titled Tuesday Blitz November 22 Early 2022"]
[White "Larina, Maria"]
[Black "Yuan, Qingyu"]
[WhiteFideId "24113182"]
[BlackFideId "8609772"]
[WhiteElo "1848"]
[BlackElo "2359"]
[Result "0-1"]
[Round "05"]
[TimeControl "180+1"]
[Date "2022.11.23"]
[WhiteClock "0:00:17"]
[BlackClock "0:00:16"]

1. e4 e5 2. Nf3 Nc6 3. Nc3 Nf6 4. Bb5 Nd4 5. Bc4 Nxf3+ 6. gxf3 d6 7. Rg1 g6 8. f4 exf4 9. d4 Bh6 10. Qf3 Nh5 11. Nd5 Be6 12. Bb3 Bxd5 13. Bxd5 c6 14. Bb3 Qf6 15. c3 O-O-O 16. Bd2 Rhe8 17. O-O-O Kb8 18. Rg4 Re7 19. Re1 Rde8 20. Bc2 a6 21. Kb1 Ka8 22. Bc1 Qe6 23. Rgg1 Qd7 24. Bd2 f6 25. Bc1 f5 26. Bd2 fxe4 27. Rxe4 Rxe4 28. Bxe4 d5 29. Bd3 Re6 30. Bf5 gxf5 31. Rg8+ Re8 32. Qxh5 Rxg8 33. Qxh6 Qe7 34. Qxf4 Qe4+ 35. Qxe4 fxe4 36. Bf4 Rg1+ 37. Kc2 b6 38. Kd2 Kb7 39. Bg3 Rb1 40. Kc2 Re1 41. Kd2 Rb1 42. Kc2 Rg1 43. Kd2 Kc8 44. Kc2 Kd7 45. b3 Ke6 46. c4 Kf5 47. a4 Kg4 48. cxd5 cxd5 49. Kd2 Kf3 50. b4 b5 51. axb5 axb5 52. Kc2 Ra1 53. Kb2 Re1 54. Kc2 Re2+ 55. Kc3 Rxf2 56. Bxf2 Kxf2 0-1


[Site "https://www.chess.com"]

[Event "Titled Tuesday Blitz November 22 Early 2022"]
[White "Lauridsen, Jesper Morch"]
[Black "Vargas, Mauricio"]
[WhiteFideId "1401890"]
[BlackFideId "4404572"]
[WhiteElo "2241"]
[BlackElo "2025"]
[Result "1-0"]
[Round "05"]
[TimeControl "180+1"]
[Date "2022.11.23"]
[WhiteClock "0:02:23"]
[BlackClock "0:00:06"]

1. e4 c6 2. d4 d5 3. exd5 cxd5 4. c4 Nc6 5. Nc3 e6 6. Nf3 Nf6 7. Bg5 Be7 8. c5 O-O 9. Bd3 h6 10. Bf4 Bd7 11. h3 a6 12. O-O Re8 13. Na4 Bf8 14. Nb6 Rb8 15. Bxb8 Nxb8 16. Ne5 1-0


[Site "https://www.chess.com"]

[Event "Titled Tuesday Blitz November 22 Early 2022"]
[White "Levine, David"]
[Black "Orzech, Dominik"]
[WhiteFideId "2011611"]
[BlackFideId "1115065"]
[WhiteElo "2187"]
[BlackElo "2272"]
[Result "0-1"]
[Round "05"]
[TimeControl "180+1"]
[Date "2022.11.23"]
[WhiteClock "0:00:06"]
[BlackClock "0:00:31"]

1. d4 Nf6 2. c4 c5 3. d5 e6 4. Nc3 exd5 5. cxd5 d6 6. Nf3 g6 7. g3 Bg7 8. Bg2 O-O 9. O-O a6 10. a4 Nbd7 11. e4 Re8 12. Re1 Ng4 13. h3 Nge5 14. Nxe5 Nxe5 15. f4 Nd7 16. Kh2 Rb8 17. a5 b5 18. axb6 Rxb6 19. Qc2 Rb4 20. e5 dxe5 21. f5 Nb6 22. fxg6 hxg6 23. Qf2 c4 24. Be3 Bb7 25. Bc5 Rb3 26. Rad1 Nd7 27. Ba7 Qf6 28. Qd2 e4 29. Rf1 Qe5 30. Qf2 Nf6 31. Bd4 e3 32. Bxe5 exf2 33. Bd4 Rxb2 34. Ne4 Nxe4 35. Bxb2 Bxb2 36. Bxe4 Rxe4 37. d6 Rd4 38. d7 Rxd1 39. Rxd1 Bf6 40. d8=Q+ Bxd8 41. Rxd8+ Kg7 42. Rd1 c3 43. Rc1 Bf3 44. g4 Be2 45. Kg3 f1=Q 0-1


[Site "https://www.chess.com"]

[Event "Titled Tuesday Blitz November 22 Early 2022"]
[White "Levitan, Caleb Levi"]
[Black "Skliarov, Viktor"]
[WhiteFideId "14332620"]
[BlackFideId "14106736"]
[WhiteElo "1963"]
[BlackElo "2284"]
[Result "0-1"]
[Round "05"]
[TimeControl "180+1"]
[Date "2022.11.23"]
[WhiteClock "0:00:02"]
[BlackClock "0:00:10"]

1. e4 c5 2. Nf3 Nc6 3. Nc3 Nf6 4. Bb5 Nd4 5. e5 Nxb5 6. Nxb5 Nd5 7. Ng5 f6 8. exf6 Nxf6 9. O-O a6 10. Nc3 e6 11. Nce4 d5 12. Nxf6+ Qxf6 13. d3 Bd7 14. Qf3 Bd6 15. Qxf6 gxf6 16. Nf3 e5 17. Bh6 Rg8 18. Kh1 Kf7 19. Rfe1 Rg6 20. Bd2 Rag8 21. g3 Bc6 22. Kg1 Rg4 23. h3 R4g7 24. c3 c4 25. dxc4 dxc4 26. Nh4 Ke6 27. Rad1 Bc5 28. Be3 b6 29. Bxc5 bxc5 30. Rd2 Rd7 31. Red1 Rxd2 32. Rxd2 Be4 33. Ng2 Bd3 34. Ne1 Be4 35. f3 Bg6 36. Kf2 Rb8 37. h4 f5 38. f4 exf4 39. gxf4 Be8 40. Ng2 Bc6 41. Ne3 Be4 42. Nxc4 Rg8 43. Ne5 Rg2+ 44. Ke3 Rg3+ 45. Kf2 Rh3 46. Rd7 Rxh4 47. Ra7 Rxf4+ 48. Ke3 Kxe5 49. Re7+ Kd6 50. Rxh7 Rf3+ 51. Ke2 a5 52. Rh6+ Ke5 53. Ra6 Rh3 54. Rxa5 Rh2+ 55. Kd1 Rxb2 56. Rxc5+ Kf4 57. a3 Ke3 58. Kc1 Rb1# 0-1


[Site "https://www.chess.com"]

[Event "Titled Tuesday Blitz November 22 Early 2022"]
[White "Ljukin, Sergei"]
[Black "Sailer, Mike"]
[WhiteFideId "14102200"]
[BlackFideId "2012901"]
[WhiteElo "2312"]
[BlackElo "2109"]
[Result "1-0"]
[Round "05"]
[TimeControl "180+1"]
[Date "2022.11.23"]
[WhiteClock "0:00:38"]
[BlackClock "0:00:09"]

1. e4 d5 2. exd5 Qxd5 3. Nc3 Qd6 4. d4 Nf6 5. Nf3 c6 6. g3 Bf5 7. Bf4 Qb4 8. Qd2 e6 9. O-O-O Nbd7 10. Kb1 h6 11. h4 O-O-O 12. Bd3 Bxd3 13. Qxd3 Qa5 14. a3 Nc5 15. Qe2 Na4 16. Nxa4 Qxa4 17. Ne5 Nd5 18. Nxf7 Bxa3 19. c4 Nxf4 20. gxf4 Bb4 21. Nxh8 Rxh8 22. Qxe6+ Kb8 23. Qe5+ Ka8 24. d5 cxd5 25. Rxd5 a6 26. Rhd1 Qb3 27. Rd8+ Rxd8 28. Rxd8+ Ka7 29. Qe3+ Qxe3 30. fxe3 1-0


[Site "https://www.chess.com"]